 Dungeon Crawl Stone Soup version 0.29.1 (console) character file.

Game seed: 4300220566105701787

288 om the Magician (level 6, -2/40 HPs)
             Began as a Djinni Hedge Wizard on Sept 14, 2022.
             Slain by a lemure (8 damage)
             ... led by Pikel
             ... on level 3 of the Dungeon.
             The game lasted 00:11:34 (4675 turns).

om the Magician (Djinni Hedge Wizard)               Turns: 4675, Time: 00:11:34

Health: -2/40      AC:  3    Str: 11    XL:     6   Next: 57%
Gold:   39         EV: 13    Int: 16    God:
                   SH:  0    Dex: 12

rFire   + + .      SeeInvis .   i - +4 dagger
rCold   x . .      Faith    .   (no shield)
rNeg    . . .      Spirit   .   b - +0 robe
rPois   ∞          Reflect  .   c - +0 hat
rElec   .          Harm     .   r - +0 cloak
rCorr   .          Rampage  .   (no gloves)
Will    .....                   (boots unavailable)
Stlth   ++........              (no amulet)
HPRegen 0.13/turn               (no ring)
MPRegen 0.00/turn               (no ring)

@: flying
A: sickness immunity, fire resistance 2, cold vulnerability 1, float, innate
caster, HP casting, extra vitality 1
a: no special abilities


You were on level 3 of the Dungeon.
You visited 1 branch of the dungeon, and saw 4 of its levels.

You collected 284 gold pieces.
You spent 245 gold pieces at shops.

Inventory:

Hand Weapons
 g - a +0 short sword
 i - a +4 dagger (weapon)
Armour
 b - a +0 robe (worn)
 c - a +0 hat (worn)
 r - a +0 cloak (worn)
Jewellery
 e - a ring of protection from cold
Scrolls
 a - a scroll of poison
 f - a scroll of enchant armour {unknown}
 j - 3 scrolls of fear
 l - a scroll of amnesia {unknown}
 p - a scroll of blinking {unknown}
 t - a scroll of teleportation
 u - a scroll of magic mapping
 v - 2 scrolls of immolation
Potions
 d - 3 potions of heal wounds {unknown}
 h - a potion of attraction {unknown}
 k - a potion of curing
 m - a potion of magic {unknown}
 n - a potion of resistance {unknown}
 o - a potion of lignification {unknown}
 q - a potion of berserk rage {unknown}


   Skills:
 - Level 4.0 Dodging
 - Level 3.0 Stealth
 + Level 4.2 Spellcasting


You couldn't memorise any spells.
You knew the following spells:

 Your Spells              Type           Power      Damage    Failure   Level
a - Magic Dart            Conj           64%        1d6       3%          1
b - Blink                 Tloc           32%        N/A       4%          2
c - Call Imp              Summ           16%        N/A       4%          2
d - Slow                  Hex            64%        N/A       3%          1
e - Conjure Flame         Conj/Fire      16%        6-21      9%          3
f - Mephitic Cloud        Conj/Pois/Air  16%        N/A       9%          3
g - Sandblast             Erth           32%        2d9       3%          1
h - Passwall              Tmut/Erth      13%        N/A       4%          2
Your spell library was empty.

Dungeon Overview and Level Annotations

Branches:
Dungeon (4/15)
 Temple: D:4-7

Altars:
Fedhas
Gozag

Shops:
D:3 ?

Annotations:
D:4 Pikel


Innate Abilities, Weirdness & Mutations

You are immune to sickness and miasma.
You are immune to poison.
Your flesh is very heat resistant. (rF++)
You are vulnerable to cold. (rC-)
You float through the air rather than walking.
You learn spells naturally, not from books.
Your magical power is your life essence.
You have superior vitality. (+4 MHP)


Message History

Press: ? - help, Shift-Dir - straight line, f/p - lemure
Aim: a lemure (heavily wounded, 77% to hit)
The blast of sand misses the lemure.
The lemure misses you.
Casting: Sandblast (safe; 3% risk of failure)
Confirm with . or Enter, or press ? or * to list all spells.
Aiming: Sandblast (safe; 3% risk of failure)
Press: ? - help, Shift-Dir - straight line, f/p - lemure
Aim: a lemure (heavily wounded, 77% to hit)
The blast of sand hits the lemure!
The lemure is almost dead.
The lemure hits you.
* * * LOW HITPOINT WARNING * * *
The lemure hits you.
* * * LOW HITPOINT WARNING * * *
Casting: Sandblast (safe; 3% risk of failure)
Confirm with . or Enter, or press ? or * to list all spells.
Aiming: Sandblast (safe; 3% risk of failure)
Press: ? - help, Shift-Dir - straight line, f/p - lemure
Aim: a lemure (almost dead, 77% to hit)
Okay, then.
You feel better. The lemure barely misses you.
Casting: Sandblast (safe; 3% risk of failure)
Confirm with . or Enter, or press ? or * to list all spells.
Aiming: Sandblast (safe; 3% risk of failure)
Press: ? - help, Shift-Dir - straight line, f/p - lemure
Aim: a lemure (almost dead, 77% to hit)
The blast of sand misses the lemure.
* * * LOW HITPOINT WARNING * * *
The lemure misses you.
Unknown command.
Casting: Sandblast (safe; 3% risk of failure)
Confirm with . or Enter, or press ? or * to list all spells.
Aiming: Sandblast (safe; 3% risk of failure)
Press: ? - help, Shift-Dir - straight line, f/p - lemure
Aim: a lemure (almost dead, 77% to hit)
The blast of sand hits the lemure but does no damage.
The lemure is almost dead.
* * * LOW HITPOINT WARNING * * *
The lemure hits you!
You die...

.##.#.#.#..........# #.#
.##.....)...<....#.# #.#
.##......)<<))..##.# #.#
.###..........#.##.# #.# .#
##.#.#....#..##.# #.# .#
#.#.#.#..#.###.# #.# .#
#.#.#.#....###.#########.#
.####.......#...5............#
........###.....@..###########
.####.### ##.#.###### .# #.#
#..#.....# .# #.# ###.####.#
.####.########.# #.#
.##............# #.#
.##.#.###.#.#### #.#
.##>......#...# #.#
..#'#..)#####.# #.#


You could see a lemure.

Vanquished Creatures
  Sigmund (D:3)
  An orc priest (D:3)
  3 adders
  3 worms
  2 dart slugs
  3 orcs (D:3)
  3 ball pythons
  5 bats
  An endoplasm (D:1)
  5 giant cockroaches
  9 goblins
  3 hobgoblins
  A jackal (D:2)
  3 quokkas
  A frilled lizard (D:1)
  5 kobolds
  5 rats
54 creatures vanquished.

Vanquished Creatures (collateral kills)
  A goblin (D:1)
1 creature vanquished.

Grand Total: 55 creatures vanquished

Notes
Turn   | Place    | Note
-------+----------+-------------------------------------------
     0 | D:1      | om the Djinni Hedge Wizard began the quest for the Orb.
     0 | D:1      | om set off with the following spells memorised: Magic Dart,
                  | Blink, Call Imp, Slow, Conjure Flame, Mephitic Cloud.
     0 | D:1      | Reached XP level 1. HP: 15/15 MP: 0/0
   291 | D:1      | Reached XP level 2. HP: 20/21 MP: 0/0
  1237 | D:1      | Found a faded altar of an unknown god.
  1329 | D:2      | Reached XP level 3. HP: 16/25 MP: 0/0
  1329 | D:2      | Learned a level 1 spell: Sandblast
  2868 | D:2      | Reached XP level 4. HP: 14/31 MP: 0/0
  3692 | D:3      | Noticed Sigmund
  3705 | D:3      | Killed Sigmund
  3706 | D:3      | Reached XP level 5. HP: 23/35 MP: 0/0
  3706 | D:3      | Learned a level 2 spell: Passwall
  3706 | D:3      | Reached XP level 6. HP: 26/40 MP: 0/0
  3939 | D:3      | Found a blossoming altar of Fedhas.
  4052 | D:3      | Found Jestixza's Magic Scroll Shop.
  4064 | D:3      | Bought a scroll of fear for 40 gold pieces
  4064 | D:3      | Bought a scroll of teleportation for 30 gold pieces
  4064 | D:3      | Bought a scroll of identify for 20 gold pieces
  4064 | D:3      | Bought a scroll of magic mapping for 75 gold pieces
  4064 | D:3      | Bought 2 scrolls of immolation for 80 gold pieces
  4384 | D:3      | Found an opulent altar of Gozag.
  4657 | D:4      | Noticed Pikel
  4672 | D:3      | HP: 2/40 [lemure[Pikel] (6)]
  4675 | D:3      | Slain by a lemure

Illustrated notes

Levels and vault maps discovered:
D:1:      lemuel_arrival_muddy, layout_basic,
          hellmonk_ecumenical_altar_leap_of_faith, minivault_23,
          minmay_misc_feat_five, chequers_avenue, corexii_corridor_pit,
          minivault_27
D:2:      layout_loops_cross, minmay_joined_circles
D:3:      layout_loops_ring, mainiacjoe_overflow_catch_the_wave, serial_shops,
          nicolae_shop_hallway_plus, uniq_sigmund
D:4:      layout_loops_cross, mainiacjoe_overflow_catwalk,
          kennysheep_generic_room_2, uniq_eustachio, uniq_pikel

Skill      XL: |  1  2  3  4  5  6 |
---------------+-------------------+-----
Stealth        | 2 3 |  3.0
Dodging        | 3 4 |  4.0
Spellcasting   | 3 4 |  4.2

Action                   |  1- 3 |  4- 6 || total
-------------------------+-------+-------++-------
Melee: Short sword       |    27 |       ||    27
       Dagger            |    26 |    46 ||    72
 Cast: Magic Dart        |    72 |    46 ||   118
       Slow              |     3 |       ||     3
       Blink             |     2 |       ||     2
       Call Imp          |     1 |       ||     1
       Conjure Flame     |     2 |       ||     2
       Mephitic Cloud    |       |     3 ||     3
       Sandblast         |       |     6 ||     6
  Use: Scroll            |       |     4 ||     4
       Potion            |       |     1 ||     1
 Stab: Sleeping          |     1 |     2 ||     3
       Confused          |       |     1 ||     1
Armor: Robe              |    26 |    16 ||    42
Dodge: Dodged            |    64 |    48 ||   112
